 Dungeon Crawl Stone Soup version 0.29.1-1-gd02db6906a (webtiles) character file.

Game seed: 16768499485424153450

51 sankara the Shield-Bearer (level 3, 0/23 HPs)
             Began as a Gargoyle Fighter on Oct 13, 2022.
             Slain by an orc wizard
             ... wielding a +0 dagger
              (1 damage)
             ... on level 2 of the Dungeon.
             The game lasted 00:03:23 (1260 turns).

sankara the Shield-Bearer (Gargoyle Fighter)        Turns: 1260, Time: 00:03:24

Health: 0/23       AC:  6    Str: 19    XL:     3   Next: 81%
Magic:  3/3        EV: 10    Int:  8    God:
Gold:   62         SH:  4    Dex: 11    Spells: 2/2 levels left

rFire   . . .      SeeInvis .   a - +0 flail
rCold   . . .      Faith    .   c - +0 buckler
rNeg    + . .      Spirit   .   j - +0 leather armour
rPois   ∞          Reflect  .   (no helmet)
rElec   +          Harm     .   (no cloak)
rCorr   +          Rampage  .   (no gloves)
Will    .....                   (no boots)
Stlth   +.........              (no amulet)
HPRegen 0.07/turn               m - ring of resist corrosion
MPRegen 0.08/turn               (no ring)

@: no status effects
A: sickness immunity, AC +3, negative energy resistance 1, electricity
resistance, torment resistance 1, petrification resistance
a: no special abilities


You were on level 2 of the Dungeon.
You visited 1 branch of the dungeon, and saw 2 of its levels.

You collected 62 gold pieces.

Inventory:

Hand Weapons
 a - a +0 flail (weapon)
 q - a +0 sling
Missiles
 e - 5 poisoned darts (quivered)
 l - 3 stones
Armour
 b - a +0 scale mail
 c - a +0 buckler (worn)
 j - a +0 leather armour (worn)
Jewellery
 m - a ring of resist corrosion (left hand)
Scrolls
 f - a scroll of brand weapon {unknown}
 g - a scroll of teleportation {unknown}
Potions
 d - a potion of might
 h - a potion of mutation {unknown}
 i - a potion of resistance {unknown}
 k - a potion of curing {unknown}
 n - 2 potions of attraction {unknown}
 o - a potion of brilliance {unknown}
 p - a potion of lignification {unknown}


   Skills:
 - Level 3.2 Fighting
 * Level 3.1 Maces & Flails
 + Level 3.8 Armour
 + Level 3.8 Shields


You had 2 spell levels left.
You didn't know any spells.
Your spell library contained the following spells:

 Spells                   Type           Power      Damage    Failure   Level
 Summon Small Mammal      Summ           0%         N/A       54%         1
 Wereblood                Tmut           0%         N/A       69%         2
 Call Canine Familiar     Summ           0%         N/A       89%         3
 Summon Guardian Golem    Hex/Summ       0%         N/A       89%         3
 Summon Hydra             Summ           0%         N/A       100%        7
 Sublimation of Blood     Necr           Unusable   N/A       N/A         2

Dungeon Overview and Level Annotations

Branches:
Dungeon (2/15)

Altars:


Innate Abilities, Weirdness & Mutations

You are immune to sickness and miasma.
Your stone body is resilient. (AC +3)
You are immune to poison.
You resist negative energy. (rN+)
You are resistant to electric shocks. (rElec)
You are resistant to unholy torment.
You are immune to petrification.


Message History

The magic dart hits something!
Your Maces & Flails skill increases to level 3!
You hit something but do no damage.
An orc comes into view. It is wielding a +0 hand axe.
Something hits you but does no damage. x2
You hear some strange, mumbled words.
You miss something. You completely miss something.
The orc shouts!
You closely miss something. Something hits you but does no damage.
Something hits you.
You miss something.
You hear some strange, mumbled words.
You are confused.
You closely miss something. Something hits you.
You hear some strange, mumbled words.
You're too confused to move!
A magic dart appears from out of thin air!
The magic dart hits something!
Something hits you but does no damage.
You bump into the rock wall.
Something hits you.
Reactivating autopickup.
You bump into the rock wall.
You bump into the rock wall.
Something hits you.
* * * LOW HITPOINT WARNING * * *
Deactivating autopickup; reactivate with Ctrl-A.
You bump into the rock wall.
You feel less confused. Something hits you.
* * * LOW HITPOINT WARNING * * *
You closely miss something.
You hear some strange, mumbled words.
A puff of flame appears from out of thin air!
You block the puff of flame.
You hit something but do no damage. Something hits you.
* * * LOW HITPOINT WARNING * * *
Something hits you but does no damage.
You barely miss something. Something hits you.
* * * LOW HITPOINT WARNING * * *
You hit something. Something hits you.
You die...

....... ....... .......
....... ....... .......
.......#####################
.......ooo{@................
############################


You could see 3 orcs.

Vanquished Creatures
  Terence (D:2)
  5 bats (D:1)
  6 endoplasms (D:1)
  A goblin (D:1)
  A hobgoblin (D:1)
  3 jackals (D:1)
  A quokka (D:1)
  2 ball pythons (D:1)
  2 kobolds
  A rat (D:1)
23 creatures vanquished.

Vanquished Creatures (others)
  An orc wizard (D:2)
1 creature vanquished.

Grand Total: 24 creatures vanquished

Notes
Turn   | Place    | Note
-------+----------+-------------------------------------------
     0 | D:1      | sankara the Gargoyle Fighter began the quest for the Orb.
     0 | D:1      | Reached XP level 1. HP: 14/14 MP: 1/1
   259 | D:1      | Reached XP level 2. HP: 18/19 MP: 2/2
   387 | D:1      | Found a faded altar of an unknown god.
   925 | D:1      | Reached XP level 3. HP: 14/23 MP: 3/3
  1224 | D:2      | Noticed Terence
  1244 | D:2      | Killed Terence
  1259 | D:2      | HP: 1/23 [something (2)]
  1260 | D:2      | Slain by an orc wizard

Illustrated notes

Levels and vault maps discovered:
D:1:      amcnicky_arrival_flooded_fountain, layout_basic,
          shapermc_ecumenical_altar_hornbeckon
D:2:      layout_basic, uniq_terence

Skill      XL: |  1  2  3 |
---------------+----------+-----
Maces & Flails | 3 |  3.1
Fighting       | |  3.2
Armour         | |  3.8
Shields        | |  3.8

Action                   || total
-------------------------++-------
Melee: Flail             ||   105
Armor: Leather armour    ||    75
       Scale mail        ||     1
Dodge: Dodged            ||    65
Block: Buckler           ||    24
